 Dungeon Crawl Stone Soup version 0.31-a0-455-g1a7b003ef0 (webtiles) character file.

Game seed: 173697263542693186

55151 Dittersdorf the Protected (level 14, -9/96 HPs)
             Began as a Gargoyle Fighter on Aug 3, 2023.
             Was the Champion of Okawaru.
             Killed by divine providence
             ... invoked by an orc high priest
              (17 damage)
             ... on level 1 of the Orcish Mines.
             The game lasted 00:22:45 (14993 turns).

Dittersdorf the Protected (Gargoyle Fighter)       Turns: 14993, Time: 00:22:46

Health: -9/96      AC: 38    Str: 25      XL:     14   Next: 76%
Magic:  0/23       EV:  9    Int:  5 (9)  God:    Okawaru [******]
Gold:   1363       SH:  0    Dex: 10      Spells: 13/13 levels left

rFire   + . .        j - +9 morningstar of the Singing Big Fish {vamp, rElec Dex+3}
rCold   + . .        J - +0 kite shield {rC+}
rNeg    + . .        M - +6 scale mail of Heresy {MP+9}
rPois   ∞            y - +0 helmet
rElec   +            w - +1 cloak {Stlth+}
rCorr   .            I - +2 pair of gloves
SInv    .            (no boots)
Will    +....        l - amulet of guardian spirit Stlth
                     f - +4 ring of protection
HPRegen 0.36/turn    m - ring of protection from fire
MPRegen 0.18/turn

%: guardian spirit
@: confused, mighty, flying, studying 2 skills, unable to drink
A: sickness immunity, AC +10, big wings, negative energy resistance 1,
electricity resistance, torment resistance 1, petrification resistance, clumsy
1, inability to drink after injury 1
a: Renounce Religion, Heroism, Finesse, Duel


You were on level 1 of the Orcish Mines.
You worshipped Okawaru.
Okawaru was exalted by your worship.
You visited 3 branches of the dungeon, and saw 17 of its levels.
You also visited: Ice Cave.

You collected 1363 gold pieces.

Inventory:

Hand Weapons
 j - the +9 morningstar of the Singing Big Fish (weapon) {vamp, rElec Dex+3}
   (You found it on level 2 of the Dungeon)

   Dex:       It affects your dexterity (+3).
   rElec:     It insulates you from electricity.
 A - a +3 morningstar
Missiles
 t - a curare-tipped dart (quivered)
 B - 2 throwing nets
Armour
 w - a +1 cloak of stealth (worn)
 y - a +0 helmet (worn)
 I - a +2 pair of gloves (worn)
 J - a +0 kite shield of cold resistance (worn)
 M - the +6 scale mail of Heresy (worn) {MP+9}
   (Okawaru gifted it to you on level 5 of the Lair of Beasts)

   MP:        It affects your magic capacity (+9).
Magical Staves
 p - a staff of earth
Jewellery
 f - a +4 ring of protection (left hand)
 k - a ring of protection from cold
 l - an amulet of guardian spirit (around neck)
 m - a ring of protection from fire (right hand)
 o - a +6 ring of intelligence
 D - a ring of willpower
 F - a ring of positive energy
 L - the amulet "Rez Fowk" {Faith rN+ Str+5}
   (You found it on level 5 of the Lair of Beasts)

   [amulet of faith]

   It allows you to gain divine favour quickly.
   Str:       It affects your strength (+5).
   rN:        It protects you from negative energy.
Wands
 b - a wand of polymorph (5)
 g - a wand of flame (26)
 i - a wand of roots (8)
Scrolls
 c - a scroll of enchant weapon
 h - 7 scrolls of teleportation
 r - 2 scrolls of fog
 E - 2 scrolls of enchant armour
 G - a scroll of poison
 H - a scroll of identify
Potions
 a - a potion of curing
 d - 6 potions of might
 e - 2 potions of magic
 n - 4 potions of mutation
 q - a potion of enlightenment
 u - 2 potions of resistance
 v - 3 potions of heal wounds
 x - a potion of brilliance
 z - 2 potions of cancellation
 C - a potion of invisibility


   Skills:
 + Level 14.4 Fighting
 + Level 13.1 Maces & Flails
 + Level 14.4 Armour
 + Level 14.3 Shields


You had 13 spell levels left.
You didn't know any spells.
Your spell library contained the following spells:

 Spells                   Type           Power      Damage    Failure   Level
 Apportation              Tloc           0%         N/A       83%         1
 Kiss of Death            Conj/Necr      0%         2d5       83%         1
 Necrotise                Necr           0%         1d4       83%         1
 Ensorcelled Hibernation  Hex/Ice        0%         N/A       92%         2
 Lesser Beckoning         Tloc           0%         N/A       92%         2
 Confusing Touch          Hex            0%         N/A       99%         3
 Dazzling Flash           Conj/Hex       0%         N/A       99%         3
 Gell's Gravitas          Tloc           0%         N/A       99%         3
 Hailstorm                Conj/Ice       0%         3d3       99%         3
 Inner Flame              Hex/Fire       0%         N/A       99%         3
 Portal Projectile        Hex/Tloc       0%         N/A       99%         3
 Teleport Other           Tloc           0%         N/A       99%         3
 Vhi's Electric Charge    Tloc/Air       0%         N/A       99%         3
 Anguish                  Hex/Necr       0%         N/A       100%        4
 Cause Fear               Hex            0%         N/A       100%        4
 Dispel Undead            Necr           0%         3d6       100%        4
 Leda's Liquefaction      Hex/Erth       0%         N/A       100%        4
 Arcjolt                  Conj/Air       0%         1d10      100%        5
 Fireball                 Conj/Fire      0%         3d3       100%        5
 Metabolic Englaciation   Hex/Ice        0%         N/A       100%        5
 Yara's Violent Unravell  Hex/Tmut       0%         3d3       100%        5
 Plasma Beam              Fire/Air       0%         2x1d10    100%        6
 Enfeeble                 Hex            0%         N/A       100%        7
 Summon Small Mammal      Summ           Unusable   N/A       N/A         1
 Call Canine Familiar     Summ           Unusable   N/A       N/A         3
 Dragon's Call            Summ           Unusable   N/A       N/A         9

Dungeon Overview and Level Annotations

Branches:
Dungeon (10/15)            Temple (0/1) D:6            Lair (5/5) D:9
 Shoals (0/4) Lair:3        Snake (0/4) Lair:3        Slime (0/5) Lair:5
    Orc (2/2) D:10            Elf (0/3) Orc:2         IceCv (visited)

Altars:
Ashenzari
Dithmenos
Elyvilon
Gozag
Nemelex Xobeh
Okawaru
Uskayaw
Jiyva

Shops:
D:1 ?   D:3 :   D:4 [   D:6 :   D:7 (=:

Portals:
Abyss: Lair:2

Annotations:
Lair:2 2 transporters, Ottew's ghost, journeyman DsFi


Innate Abilities, Weirdness & Mutations

You are immune to sickness and miasma.
Your stone body is resilient. (AC +10)
You are immune to poison.
Your large and strong wings let you fly.
You resist negative energy. (rN+)
You are resistant to electric shocks. (rElec)
You are resistant to unholy torment.
You are immune to petrification.
You are clumsy. (Dex -2)
You occasionally lose the ability to drink potions when taking damage.


Message History

The soul eater hits you but does no damage.
An orc wizard comes into view. It is wielding a +0 dagger.
The orc high priest hits you with a +0 halberd.
You hear some strange, mumbled words.
Something tries to affect you, but you resist.
The orc warrior hits you but does no damage.
The orc priest calls down the wrath of Beogh upon you.
Something writhes in agony!
The orc warrior hits you but does no damage.
You bump into the rock wall.
The warg bites you but does no damage. The soul eater hits you!
* * * LOW HITPOINT WARNING * * *
Something hits you.
* * * LOW HITPOINT WARNING * * *
The orc high priest utters an invocation to Beogh.
The orc warrior hits you but does no damage. x2
You barely miss the orc high priest.
The orc high priest is almost dead.
The warg bites you but does no damage. The soul eater hits you.
* * * LOW HITPOINT WARNING * * *
You hear some strange, mumbled words.
A magic dart appears from out of thin air!
The magic dart hits you but does no damage.
The orc high priest hits you but does no damage.
An orc comes into view. It is wielding a +0 dagger.
The orc warrior hits you but does no damage.
The orc priest casts a cantrip, but nothing happens.
The orc warrior hits you but does no damage.
You feel very mighty all of a sudden.
The orc shouts!
The warg barely misses you. The soul eater barely misses you.
The warg bites you but does no damage.
You hear some strange, mumbled words.
A magic dart appears from out of thin air!
The magic dart hits you.
* * * LOW HITPOINT WARNING * * *
The orc high priest mumbles some strange prayers to Beogh against you.
Beogh smites you!
You feel threatened and lose the ability to drink potions!
You die...

o...........
o.........
.o......
.o....## ##
...o...##.##
#ooo......#
#o3.....#
#@{4....###
#oho.$....##
##{oo).)....#
#...))>..#.
#........#
...........##
........####
.........#
#......#.#


You could see a soul eater (summoned), an orc high priest, a hellwing
(summoned), a warg, 3 orc warriors, an orc priest, an orc wizard and 7 orcs.

Vanquished Creatures
  A reaper (IceCv)
  3 hydras
  2 boulder beetles (Lair:5)
  Erica (D:9)
  A two-headed ogre (D:8)
  5 death yaks
  An orc high priest (Orc:2)
  3 skysharks (Lair:5)
  An orc knight (Orc:1)
  An orc sorcerer (Orc:1)
  2 oklob plants (Lair:4)
  2 black mambas (Lair:5)
  2 ice statues (IceCv)
  8 elephants (Lair:5)
  12 cane toads
  3 torpor snails
  Maurice (D:10)
  A gargoyle (D:7)
  A freezing wraith (IceCv)
  4 rime drakes
  2 anaconda simulacra (IceCv)
  7 komodo dragons
  6 unseen horror zombies (D:9)
  5 ice devils (IceCv)
  2 polar bears (Lair:5)
  3 hornets (Lair:5)
  20 blink frogs
  18 dream sheep
  Sigmund (D:5)
  2 shadows
  9 spriggans (Lair:5)
  2 dire elephant simulacra (IceCv)
  A wraith (D:10)
  2 wyverns
  30 yaks
  A fire elemental (Lair:3)
  3 basilisks
  A death yak simulacrum (Lair:5)
  4 nagas (Lair:3)
  3 harpy simulacra (IceCv)
  3 hydra simulacra (IceCv)
  A warg (Orc:2)
  An acid dragon (D:9)
  13 water moccasins
  11 orc warriors
  6 black bears
  A sky beast (D:4)
  An ogre (Orc:1)
  5 boggarts
  31 wolves (Lair:5)
  14 centaurs
  16 bullfrogs
  4 kobold brigands
  A wyvern zombie (D:9)
  2 scorpions
  21 wights
  An elephant simulacrum (Lair:5)
  5 killer bees (D:8)
  An electric eel (D:9)
  A howler monkey (D:10)
  A crimson imp (D:8)
  4 centaur zombies (D:9)
  3 orc priests
  2 jellies
  3 hounds
  A sleepcap (D:5)
  Jessica (D:3)
  6 iguanas
  9 orc wizards
  A spriggan simulacrum (IceCv)
  A wolf simulacrum (Lair:5)
  A howler monkey zombie (D:9)
  10 gnolls
  7 adders
  A naga simulacrum (IceCv)
  3 white imps
  4 ufetubi
  A worm (D:3)
  3 dart slugs
  36 orcs
  2 ball pythons
  6 endoplasms
  3 giant cockroaches
  12 hobgoblins
  9 jackals
  7 quokkas
  5 bats
  6 frilled lizards
  10 goblins
  27 kobolds
  5 rats
506 creatures vanquished.

Vanquished Creatures (others)
  An orc (D:9)
1 creature vanquished.

Grand Total: 507 creatures vanquished

Notes
Turn   | Place    | Note
-------+----------+-------------------------------------------
     0 | D:1      | Dittersdorf the Gargoyle Fighter began the quest for the
                  | Orb.
     0 | D:1      | Reached XP level 1. HP: 14/14 MP: 1/1
    57 | D:1      | Reached XP level 2. HP: 19/19 MP: 2/2
   508 | D:1      | Found Gorph's Magic Scroll Boutique.
   619 | D:2      | Reached XP level 3. HP: 21/24 MP: 3/3
   766 | D:2      | Identified the +9 morningstar of the Singing Big Fish
                  | {vamp, rElec Dex+3}
   772 | D:2      | Reached XP level 4. HP: 29/29 MP: 4/4
  1231 | D:3      | Reached XP level 5. HP: 33/33 MP: 5/5
  1281 | D:3      | Found Renenynk's Book Shoppe.
  1333 | D:3      | Found a faded altar of an unknown god.
  1684 | D:3      | Noticed Jessica
  1695 | D:3      | Killed Jessica
  1783 | D:4      | Found a shadowy altar of Dithmenos.
  1965 | D:4      | Noticed an orc warrior
  1980 | D:4      | Killed an orc warrior
  1981 | D:4      | Reached XP level 6. HP: 39/39 MP: 2/6
  2446 | D:4      | Found Hadd's Armour Shoppe.
  2546 | D:4      | Noticed a sky beast
  2559 | D:4      | Killed a sky beast
  2560 | D:4      | Reached skill level 5 in Fighting
  2560 | D:4      | Reached skill level 5 in Armour
  2560 | D:4      | Reached skill level 5 in Shields
  2560 | D:4      | Reached XP level 7. HP: 44/44 MP: 5/7
  2711 | D:5      | Entered Level 5 of the Dungeon
  2894 | D:5      | Noticed Sigmund
  2903 | D:5      | Killed Sigmund
  3060 | D:5      | Found a hide-covered altar of Uskayaw.
  3060 | D:5      | Found an iron altar of Okawaru.
  3064 | D:5      | Found a white marble altar of Elyvilon.
  3064 | D:5      | Found a broken altar of Ashenzari.
  3069 | D:5      | Became a worshipper of Warmaster Okawaru
  3073 | D:5      | Reached XP level 8. HP: 51/51 MP: 8/8
  3480 | D:6      | Reached skill level 5 in Maces & Flails
  3508 | D:6      | Reached * piety under Okawaru
  3729 | D:6      | Found an opulent altar of Gozag.
  3736 | D:6      | Found an opulent altar of Gozag.
  3736 | D:6      | Found an opulent altar of Gozag.
  3794 | D:6      | Found Icru's Tiny Tomes.
  3841 | D:6      | Found a staircase to the Ecumenical Temple.
  3909 | D:6      | Found an opulent altar of Gozag.
  4028 | D:7      | Noticed a gargoyle
  4035 | D:7      | Killed a gargoyle
  4129 | D:7      | Found Joiskotu's Jewellery Boutique.
  4199 | D:7      | Found Ekuoduw's Book Shoppe.
  4227 | D:7      | Reached ** piety under Okawaru
  4228 | D:7      | Reached XP level 9. HP: 54/56 MP: 9/9
  4520 | D:7      | Found Gathrot's Antique Weapon Shop.
  4846 | D:8      | Reached *** piety under Okawaru
  4934 | D:8      | Noticed a two-headed ogre
  4940 | D:8      | Killed a two-headed ogre
  4941 | D:8      | Reached XP level 10. HP: 64/64 MP: 5/10
  5781 | D:9      | Reached **** piety under Okawaru
  5970 | D:9      | Found a staircase to the Lair.
  5987 | D:9      | Reached ***** piety under Okawaru
  6114 | D:9      | Noticed Erica
  6133 | D:9      | Killed Erica
  6133 | D:9      | Received a gift from Okawaru
  6134 | D:9      | Reached XP level 11. HP: 47/72 MP: 4/11
  6446 | D:9      | Reached skill level 10 in Fighting
  6446 | D:9      | Reached skill level 10 in Shields
  6454 | D:9      | Reached skill level 10 in Armour
  6593 | D:10     | Entered Level 10 of the Dungeon
  6645 | D:10     | Found a staircase to the Orcish Mines.
  6690 | D:10     | Noticed Maurice
  6781 | D:10     | Killed Maurice
  7184 | D:10     | Found a sparkling altar of Nemelex Xobeh.
  7321 | Lair:1   | Entered Level 1 of the Lair of Beasts
  7354 | Lair:1   | Noticed a death yak
  7381 | Lair:1   | Killed a death yak
  7677 | Lair:1   | Reached ****** piety under Okawaru
  7677 | Lair:1   | Received a gift from Okawaru
  8159 | Lair:1   | Reached XP level 12. HP: 74/80 MP: 12/12
  8412 | Lair:2   | Identified the scarf "Gaba" {harm, *Corrode rC+ Dex+5}
                  | (Okawaru gifted it to you on level 2 of the Lair of Beasts)
  8412 | Lair:2   | Received a gift from Okawaru
  8631 | Lair:2   | Noticed a seven-headed hydra
  8639 | Lair:2   | Killed a seven-headed hydra
  8640 | Lair:2   | Reached skill level 10 in Maces & Flails
  8881 | Lair:2   | Noticed Ottew's ghost (journeyman DsFi)
  9089 | Lair:2   | Found a transporter.
  9095 | Lair:2   | Found a one-way gate to the infinite horrors of the Abyss.
  9096 | Lair:2   | Found a transporter.
  9576 | Lair:3   | Found a staircase to the Shoals.
  9681 | Lair:3   | Found a staircase to the Snake Pit.
  9994 | Lair:3   | Received a gift from Okawaru
 10245 | Lair:3   | Found a white marble altar of Elyvilon.
 10844 | Lair:4   | Reached XP level 13. HP: 86/86 MP: 10/13
 11308 | Lair:5   | Entered Level 5 of the Lair of Beasts
 11308 | Lair:5   | Found a viscous altar of Jiyva.
 11308 | Lair:5   | Found a staircase to the Slime Pits.
 11314 | Lair:5   | Identified the +1 robe of Death's Door {Harm Dex+3}
                  | (Okawaru gifted it to you on level 5 of the Lair of Beasts)
 11314 | Lair:5   | Received a gift from Okawaru
 11360 | Lair:5   | Identified the amulet "Rez Fowk" {Faith rN+ Str+5}
 11555 | Lair:5   | Found a frozen archway.
 11591 | IceCv    | Entered an ice cave
 12482 | IceCv    | Noticed a reaper
 12494 | IceCv    | Killed a reaper
 12794 | Lair:5   | Identified the +2 morningstar "Yqiggil" {flame, rN++ Str+3
                  | Dex+2} (Okawaru gifted it to you on level 5 of the Lair of
                  | Beasts)
 12794 | Lair:5   | Received a gift from Okawaru
 12920 | Lair:5   | Gained mutation: Your large and strong wings let you fly.
                  | [Gargoyle growth]
 12920 | Lair:5   | Reached XP level 14. HP: 22/94 MP: 3/14
 13672 | Lair:5   | Got the Information on White Glamour
 13706 | Lair:5   | Received a gift from Okawaru
 14230 | Lair:5   | Identified the +6 scale mail of Heresy {MP+9} (Okawaru
                  | gifted it to you on level 5 of the Lair of Beasts)
 14230 | Lair:5   | Received a gift from Okawaru
 14698 | Orc:1    | Entered Level 1 of the Orcish Mines
 14878 | Orc:2    | Entered Level 2 of the Orcish Mines
 14895 | Orc:2    | Found a staircase to the Elven Halls.
 14949 | Orc:2    | Gained mutation: You occasionally lose the ability to drink
                  | potions when taking damage. [a neqoxec]
 14955 | Orc:2    | Gained mutation: You are clumsy. (Dex -2) [a neqoxec]
 14993 | Orc:1    | Killed from afar by an orc high priest

Illustrated notes

Levels and vault maps discovered:
D:1:      dpeg_arrival_pits, layout_basic, serial_shops, shop
D:2:      layout_rooms, minmay_misc_feat_room
D:3:      layout_basic, serial_glass, glass_columns_a, glass_columns_c,
          shapermc_ecumenical_altar_notcrosses, serial_shops, shop, uniq_jessica
D:4:      minmay_octagon_keep, layout_loops_ring, general_overflow_altar,
          serial_shops, shop
D:5:      layout_basic, grunt_temple_overflow_open, minmay_misc_feat_tower,
          supply_closet_lemuel, uniq_sigmund
D:6:      layout_cave_pools, nicolae_gozag_conspicuous_consumption,
          minmay_temple_entry_fiery, nicolae_shop_i_like_small_books_too,
          kennysheep_generic_room_2
D:7:      layout_gridville, serial_shops, shop, shop, shop
D:8:      layout_basic, minmay_fire_ice_demons
D:9:      layout_rooms, due_lair_maze_entry_diamond, serial_undead,
          serial_undead_e, serial_undead_f, serial_undead_c, serial_undead_f,
          serial_undead_b, serial_undead_b, serial_undead_f, serial_undead_e,
          serial_undead_f, serial_undead_e, hex_intersection,
          reono_crystal_passage, chequers_serial_rivers_small_b, uniq_erica
D:10:     layout_small_grid, overflow_temple_1_default,
          minmay_orc_entry_temple_small, uniq_maurice
Lair:1:   layout_cave_pods, wad_woods_road_02
Lair:2:   layout_gridlike, gammafunk_ghost_abyssal_escape,
          infiniplex_staircase_pool_2, lemuel_fruit_fields
Lair:3:   layout_gridlike, minmay_shoals_entry_centaurs,
          minmay_snake_entry_guardpost_small, lemuel_centaur_altar
Lair:4:   layout_gridlike
Lair:5:   minmay_lair_end_enchanted_forest, layout_hall_layers, slime_entry_1,
          portal_ice_cave_entry_ice_simulacra, grunt_megastairs_1
Orc:1:    layout_diamond_mine, ebering_ghost_xom, serial_shops,
          nicolae_diamond_shop
Orc:2:    grunt_orc_gardens, layout_caves, grunt_orc_garden, grunt_orc_garden,
          grunt_orc_garden, grunt_orc_garden, enter_volcano_2, mines1_david

Skill      XL: |  1  2  3  4  5  6  7  8  9 10 11 12 13 14 |
---------------+-------------------------------------------+-----
Shields        | 4 5 6 8 9 11 12 13 14 | 14.3
Fighting       | 4 5 6 8 9 11 12 13 14 | 14.4
Armour         | 4 5 6 8 9 10 12 13 14 | 14.4
Maces & Flails | 3 4 5 7 8 9 11 12 13 | 13.1

Action                     |  1- 3 |  4- 6 |  7- 9 | 10-12 | 13-15 || total
---------------------------+-------+-------+-------+-------+-------++-------
  Melee: Flail             |   117 |       |       |       |       ||   117
         Morningstar       |     1 |   107 |   204 |   564 |   825 ||  1701
  Throw: Dart              |       |       |       |     1 |       ||     1
 Invoke: Heroism           |       |       |       |     1 |     5 ||     6
    Use: Scroll            |       |     6 |     9 |     7 |     3 ||    25
         Potion            |       |       |       |     4 |     1 ||     5
   Stab: Sleeping          |       |       |       |     1 |     5 ||     6
 Armour: Scale mail        |    92 |    65 |     5 |       |   131 ||   293
         Ring mail         |       |       |   113 |   466 |   294 ||   873
         Chain mail        |       |       |       |       |   418 ||   418
  Dodge: Dodged            |    64 |    31 |   129 |   382 |   452 ||  1058
  Block: Buckler           |    34 |    29 |    86 |   167 |       ||   316
         Kite shield       |       |       |       |   187 |   786 ||   973

Table legend: (Time is in decaauts)
 A = Elapsed time spent in this place.
 B = Non-inter-level travel time spent in this place.
 C = Inter-level travel time spent in this place.
 D = Time resting spent in this place.
 E = Time spent auto-exploring this place.
 F = Levels seen in this place.
 G = Mean time per level.
                   A        B        C        D        E       F      G
               +--------+--------+--------+--------+--------+-----+--------+
         Total |  15162 |  14398 |    764 |   1649 |   9066 |  18 |  842.3 |
       Dungeon |   7550 |   7054 |    496 |    314 |   4998 |  10 |  755.0 |
          Lair |   6249 |   5994 |    255 |    991 |   3489 |   5 | 1249.8 |
  Orcish Mines |    284 |    273 |     11 |      5 |    103 |   2 |  142.0 |
      Ice Cave |   1078 |   1078 |      0 |    339 |    475 |   1 | 1078.0 |
               +--------+--------+--------+--------+--------+-----+--------+

Top non-repeatable levels by time:
  Lair:5: 1914 daAuts
     D:8: 1217 daAuts
  Lair:4: 1184 daAuts
  Lair:1: 1088 daAuts
  Lair:2: 1086 daAuts
   IceCv: 1078 daAuts
  Lair:3: 977 daAuts
     D:4: 938 daAuts
     D:9: 911 daAuts
     D:3: 785 daAuts
    D:10: 746 daAuts
     D:5: 704 daAuts
     D:1: 629 daAuts
     D:6: 605 daAuts
     D:7: 567 daAuts
